 Dungeon Crawl Stone Soup version 0.28.0-53-g5a82cb258f (webtiles) character file.

Game seed: 4234009818919319465

276 Cape the Skirmisher (level 6, -2/84 HPs)
             Began as a Minotaur Berserker on Aug 12, 2022.
             Was a Believer of Trog.
             Slain by a gnoll sergeant
             ... wielding a +5 spear
              (4 damage)
             ... on level 4 of the Dungeon.
             The game lasted 00:08:42 (3011 turns).

Cape the Skirmisher (Minotaur Berserker)            Turns: 3011, Time: 00:08:43

Health: -2/84      AC: 11    Str: 24    XL:     6   Next: 4%
Magic:  5/5        EV: 11    Int:  4    God:    Trog [**....]
Gold:   171        SH:  0    Dex:  9    Spells: 5/5 levels left

rFire   . . .      SeeInvis .   a - +0 hand axe
rCold   . . .      Faith    .   (no shield)
rNeg    . . .      Spirit   .   q - +0 scale mail
rPois   .          Reflect  .   (helmet restricted)
rElec   .          Harm     .   (no cloak)
rCorr   .          Rampage  .   (no gloves)
Will    +....                   (no boots)
Stlth   ..........              (no amulet)
HPRegen 0.24/turn               f - +4 ring of protection
MPRegen 0.09/turn               n - ring of willpower

@: berserking (expiring), very quick
A: horns 2, retaliatory headbutt
a: Renounce Religion, Berserk, Trog's Hand


You were on level 4 of the Dungeon.
You worshipped Trog.
Trog was pleased with you.
You visited 1 branch of the dungeon, and saw 4 of its levels.

You collected 171 gold pieces.

Inventory:

Hand Weapons
 a - a +0 hand axe (weapon)
 p - a +0 flail
Missiles
 d - 6 poisoned darts (quivered)
Armour
 q - a +0 scale mail (worn)
Jewellery
 f - a +4 ring of protection (left hand)
 n - a ring of willpower (right hand)
Wands
 b - a wand of polymorph (9)
 o - a wand of iceblast (2)
Scrolls
 e - a scroll of silence {unknown}
 g - a scroll of torment {unknown}
 i - 5 scrolls of identify {unknown}
 m - 3 scrolls of blinking {unknown}
 s - a scroll of holy word {unknown}
 t - a scroll of amnesia {unknown}
Potions
 c - 2 potions of heal wounds {unknown}
 h - 2 potions of attraction {unknown}
 j - a potion of lignification {unknown}
 k - a potion of brilliance {unknown}
 l - a potion of cancellation {unknown}
 r - a potion of magic {unknown}


   Skills:
 * Level 5.5 Fighting
 + Level 4.6 Axes
 * Level 4.6 Armour
 + Level 3.3 Dodging
 + Level 1.0 Evocations


You had 5 spell levels left.
You didn't know any spells.
Your spell library was empty.

Dungeon Overview and Level Annotations

Branches:
Dungeon (4/15)
 Temple: D:4-7

Altars:
Dithmenos
Fedhas

Shops:
D:2 =

Annotations:
D:4 2 transporters, Descartes's ghost, weakling FeDe


Innate Abilities, Weirdness & Mutations

You have a pair of horns on your head.
You reflexively headbutt those who attack you in melee.


Message History

The gnoll sergeant hits you with a +5 spear.
The gnoll hits you but does no damage.
You hit the gnoll sergeant.
The gnoll sergeant is lightly wounded.
You slash the gnoll!
You barely miss the gnoll. x2; You slash the orc!
You kill the orc!
Trog accepts your kill. The gnoll hits you with a +0 flail.
* * * LOW HITPOINT WARNING * * *
The gnoll barely misses you. The gnoll hits you but does no damage.
The gnoll sergeant hits you but does no damage.
You have reached level 6!
Found a stone staircase leading up.
The gnoll closely misses you. You furiously retaliate!
You headbutt the gnoll!!
You kill the gnoll!
Trog accepts your kill.
You see here a +0 flail.
You feel a strong urge to attack something.
The gnoll sergeant hits you from afar with a +5 spear.
* * * LOW HITPOINT WARNING * * *
The gnoll hits you from afar with a +0 spear.
* * * LOW HITPOINT WARNING * * *
The gnoll hits you with a +0 flail!
* * * LOW HITPOINT WARNING * * *
The gnoll barely misses you.
The gnoll sergeant hits you with a +5 spear.
* * * LOW HITPOINT WARNING * * *
You see here a +0 flail.
You barely miss the gnoll.
The gnoll is heavily wounded.
You closely miss the gnoll. You barely miss the gnoll sergeant.
The gnoll hits you with a +0 flail.
* * * LOW HITPOINT WARNING * * *
You are too berserk!
You slash the gnoll!
You kill the gnoll!
Trog accepts your kill.
You barely miss the gnoll. You hit the gnoll sergeant.
The gnoll sergeant hits you with a +5 spear.
You die...

...# #.## ##...###.<.#
##......#...#.........
#.....................
##... .................
#.>.###................
#.....#..#......##.....
####.)#.#..............
#)g@.#..............
##)g....##..........
###....##...........
#...................
##..................
##...................
#....................
##....#############..
##....†#.......$..©#..


You could see a gnoll sergeant and a gnoll.

Vanquished Creatures
  An ogre (D:4)
  Natasha (thrice) (D:3)
  Terence (D:3)
  3 gnolls (D:4)
  An adder skeleton (D:4)
  3 dart slugs
  An orc (D:4)
  3 endoplasms
  2 giant cockroaches
  5 goblins
  7 hobgoblins
  8 jackals
  6 quokkas
  7 ball pythons
  4 bats
  3 kobolds
  5 rats
63 creatures vanquished.

Notes
Turn   | Place    | Note
-------+----------+-------------------------------------------
     0 | D:1      | Cape the Minotaur Berserker began the quest for the Orb.
     0 | D:1      | Reached XP level 1. HP: 19/19 MP: 0/0
    24 | D:1      | Found a faded altar of an unknown god.
   142 | D:1      | Reached XP level 2. HP: 14/27 MP: 1/1
   306 | D:1      | Reached skill level 4 in Fighting
   898 | D:1      | Reached XP level 3. HP: 26/33 MP: 2/2
  1228 | D:1      | Reached ** piety under Trog
  1525 | D:2      | Found a blossoming altar of Fedhas.
  1815 | D:2      | Found Sucimias's Jewellery Boutique.
  2129 | D:3      | Noticed Terence
  2196 | D:3      | Noticed Natasha
  2216 | D:3      | Killed Natasha
  2217 | D:3      | Reached XP level 4. HP: 41/41 MP: 3/3
  2369 | D:3      | Killed Terence
  2473 | D:3      | Found a shadowy altar of Dithmenos.
  2508 | D:4      | Noticed an ogre
  2519 | D:4      | Killed an ogre
  2520 | D:4      | Reached skill level 5 in Fighting
  2520 | D:4      | Reached XP level 5. HP: 16/48 MP: 4/4
  2550 | D:3      | Noticed Natasha
  2795 | D:3      | Killed Natasha
  2799 | D:3      | Noticed Natasha
  2809 | D:3      | Killed Natasha
  2810 | D:3      | Reached skill level 1 in Evocations
  2923 | D:4      | Found a transporter.
  2931 | D:4      | Found a transporter.
  2932 | D:4      | Noticed Descartes's ghost (weakling FeDe)
  3007 | D:4      | Reached XP level 6. HP: 24/56 MP: 5/5
  3010 | D:4      | HP: 2/84 [gnoll/+0 flail (3)]
  3011 | D:4      | Slain by a gnoll sergeant

Illustrated notes

Levels and vault maps discovered:
D:1:      psy_arrival_whirlpool, layout_basic,
          hellmonk_ecumenical_altar_crossroads, minmay_stone_trees_small
D:2:      layout_loops_ring, basic_altar, serial_shops, nicolae_square_shop
D:3:      layout_rooms, mainiacjoe_overflow_alcove_4, uniq_natasha, uniq_terence
D:4:      layout_cave_pools, lemuel_coloured_pillars_altar,
          chequers_temple_overflow_minitemple, gammafunk_ghost_mausoleum,
          uniq_menkaure

Skill      XL: |  1  2  3  4  5 |
---------------+----------------+-----
Fighting       | 4 5 |  5.5
Armour         | 3 4 |  4.6
Axes           | 4 |  4.6
Dodging        | 3 |  3.3
Evocations     | 1 |  1.0

Action                   |  1- 3 |  4- 6 || total
-------------------------+-------+-------++-------
Melee: Hand axe          |    90 |    32 ||   122
       Headbutt          |     7 |     4 ||    11
       Punch             |     3 |     1 ||     4
Throw: Dart              |       |     4 ||     4
Invok: Berserk           |     1 |     2 ||     3
Evoke: Wand              |       |     1 ||     1
Armor: Animal skin       |    43 |     1 ||    44
       Scale mail        |       |    17 ||    17
Dodge: Dodged            |    77 |    17 ||    94
